Map: Odyssey LE

Players

Nerchio - Winner!

  • Race: Zerg Zerg
  • League: Grandmaster
  • Spawn Location: 5:00

sLivko

  • Race: Zerg Zerg
  • League: Grandmaster
  • Spawn Location: 11:00

Event: WESG Barcelona European Finals 2017

VOD

Have the link to the VOD?

Description

Time

  • Played on: Nov. 24, 2017, 10:23 a.m.
  • Length: 11:06

All games in this series

Show
View Real Time Build Order
Export as new Build Order

Nerchio Zerg - Winner!

Build Orders: Hatch First 

Get SALT Encoding   

  12  0:00  Drone  
  13  0:12  Overlord  
  13  0:17  Drone  
  14  0:30  Drone  
  14  0:31  Drone  
  14  0:34  Drone  
  17  0:51  Hatchery  
  17  0:54  Drone  
  17  0:57  Drone  
  17  0:59  Extractor  
  17  1:12  Spawning Pool  
  17  1:16  Drone  
  17  1:20  Drone  
  18  1:28  Drone  
  19  1:39  Overlord  
  19  1:58  Metabolic Boost  
  19  1:59  Queen  
  21  2:02  Zergling x2  
  21  2:03  Queen  
  21  2:05  Zergling x2  
  25  2:08  Zergling x2  
  25  2:12  Drone  
  25  2:15  Drone  
  28  2:21  Drone  
  29  2:25  Drone  
  30  2:32  Drone  
  31  2:42  Hatchery  
  30  2:44  Drone  
  30  2:50  Baneling Nest  
  30  2:52  Drone  
  30  2:55  Drone  
  32  3:00  Overlord  
  32  3:04  Drone  
  32  3:05  Drone  
  34  3:07  Zergling x2  
  36  3:12  Zergling x2  
  36  3:20  Drone x4  
  36  3:21  Drone  
  41  3:27  Queen  
  41  3:33  Overlord  
  41  3:34  Extractor  
  42  3:36  Drone  
  42  3:37  Drone  
  44  3:45  Roach Warren  
  42  3:49  Drone  
  42  3:53  Drone x3  
  42  3:54  Drone  
  47  3:58  Drone x2  
  47  4:01  Overlord  
  49  4:12  Overlord  
  49  4:13  Overlord  
  49  4:21  Drone  
  49  4:22  Drone x6  
  56  4:27  Drone  
  56  4:28  Drone x2  
  56  4:29  Drone  
  60  4:32  Evolution Chamber  
  60  4:33  Drone  
  60  4:35  Zergling x2  
  60  4:37  Zergling x2  
  62  4:42  Queen  
  63  4:48  Drone x5  
  63  4:49  Drone  
  69  4:54  Lair  
  69  4:58  Zerg Missile Weapons Level 1  
  69  4:59  Zergling x4  
  71  5:00  Zergling x2  
  71  5:03  Queen  
  71  5:06  Overlord  
  74  5:11  Drone x3, Extractor x2  
  74  5:12  Drone  
  76  5:16  Overlord  
  76  5:17  Drone x2  
  76  5:19  Drone x2  
  79  5:23  Drone x2  
  81  5:28  Spore Crawler  
  81  5:29  Spore Crawler  
  81  5:30  Spore Crawler  
  81  5:31  Queen  
  80  5:38  Drone x2  
  80  5:40  Drone, Extractor  
  80  5:41  Overlord  
  80  5:42  Evolution Chamber  
  81  5:44  Baneling x2  
  81  5:46  Queen  
  81  5:48  Drone x3  
  81  5:49  Overlord  
  86  5:51  Glial Reconstitution  
  86  5:56  Hydralisk Den, Drone x2  
  86  5:57  Drone  
  88  5:59  Overlord  
  88  6:02  Queen  
  89  6:06  Extractor  
  89  6:07  Drone x2  
  89  6:08  Drone  
  89  6:11  Spore Crawler  
  90  6:12  Zerg Ground Armor Level 1  
  90  6:15  Drone x2  
  90  6:16  Spore Crawler  
  91  6:21  Roach x3  
  91  6:23  Roach  
  91  6:24  Roach  
  101  6:26  Roach  
  101  6:28  Roach  
  101  6:30  Roach  
  101  6:31  Roach  
  109  6:34  Roach  
  109  6:35  Roach  
  109  6:37  Overlord  
  109  6:39  Overlord  
  113  6:41  Overlord  
  112  6:48  Muscular Augments  
  112  6:53  Drone x2  
  113  6:56  Zerg Missile Weapons Level 2  
  113  7:01  Lurker Den  
  112  7:02  Hydralisk x2  
  112  7:05  Hydralisk  
  118  7:10  Hydralisk x2  
  118  7:11  Hatchery  
  121  7:15  Hydralisk  
  121  7:16  Hydralisk x2  
  121  7:18  Hydralisk  
  121  7:20  Hydralisk  
  121  7:22  Overlord  
  129  7:28  Hydralisk x2  
  129  7:29  Hydralisk  
  135  7:33  Overlord x2  
  135  7:39  Hydralisk  
  135  7:40  Hydralisk  
  135  7:41  Overlord  
  135  7:42  Hydralisk  
  140  7:44  Hydralisk  
  140  7:47  Overlord  
  140  7:49  Hydralisk  
  144  7:53  Hydralisk  
  144  7:54  Hydralisk  
  144  7:57  Hydralisk  
  144  7:58  Hydralisk  
  148  8:01  Drone  
  148  8:02  Drone  
  152  8:06  Hydralisk  
  152  8:09  Hydralisk x2  
  152  8:10  Hydralisk  
  152  8:12  Hydralisk  
  160  8:14  Overlord  
  160  8:18  Hydralisk x2  
  166  8:27  Lurker x2  
  166  8:28  Lurker  
  166  8:29  Hydralisk x3  
  166  8:32  Overlord  
  175  8:36  Hydralisk  
  175  8:38  Overlord  
  175  8:40  Overseer  
  177  8:42  Hydralisk  
  177  8:47  Hydralisk  
  177  8:48  Spore Crawler  
  180  8:50  Hydralisk x2  
  180  8:53  Hydralisk x2  
  188  8:56  Hydralisk  
  188  8:57  Hydralisk  
  188  9:00  Roach  
  188  9:01  Roach  
  195  9:05  Roach x2  
  195  9:08  Roach  
  198  9:12  Roach  
  199  9:19  Roach x4  
  199  9:24  Roach  
  170  9:46  Roach x14  
  170  9:47  Hydralisk, Roach x3  
  170  9:48  Hydralisk  
  170  9:50  Hydralisk  
  170  9:52  Hydralisk  
  190  9:57  Hydralisk x2  
  176  10:00  Hydralisk x2  
  176  10:05  Hydralisk  
  175  10:07  Hydralisk  
  175  10:12  Hydralisk  
  171  10:17  Hydralisk  
  171  10:20  Zergling x10  
  166  10:23  Hydralisk  
  166  10:24  Roach  
  166  10:26  Spine Crawler  
  166  10:27  Roach  
  166  10:28  Roach  
  173  10:32  Drone  
  173  10:33  Hydralisk, Drone x2  
  178  10:37  Hydralisk x2  
  178  10:42  Hydralisk  
  184  10:45  Roach  
  184  10:46  Roach  
Show
View Real Time Build Order
Export as new Build Order

sLivko Zerg 

Build Orders: Hatch First, Muta Ling Bane 

Get SALT Encoding   

  12  0:01  Drone  
  13  0:12  Overlord  
  13  0:16  Drone  
  14  0:30  Drone  
  14  0:31  Drone  
  14  0:35  Drone  
  17  0:52  Hatchery  
  17  0:55  Drone  
  17  0:58  Drone  
  18  1:09  Extractor  
  17  1:12  Spawning Pool  
  17  1:16  Drone  
  17  1:19  Drone  
  18  1:28  Drone  
  19  1:38  Overlord  
  19  1:49  Drone  
  20  2:00  Queen  
  20  2:01  Drone  
  23  2:03  Queen  
  23  2:04  Zergling x2  
  26  2:08  Metabolic Boost  
  26  2:10  Drone  
  28  2:15  Drone  
  28  2:24  Drone  
  28  2:27  Drone  
  30  2:33  Baneling Nest  
  30  2:35  Queen, Drone  
  32  2:37  Zergling x2  
  32  2:43  Zergling x2  
  34  2:47  Overlord  
  34  2:55  Drone  
  35  3:01  Drone  
  35  3:05  Drone  
  37  3:06  Lair  
  37  3:11  Extractor  
  36  3:12  Extractor  
  36  3:13  Drone x3  
  36  3:15  Drone x2  
  36  3:18  Drone  
  42  3:20  Drone  
  42  3:24  Overlord  
  42  3:26  Baneling  
  42  3:27  Baneling  
  42  3:29  Drone  
  42  3:33  Drone  
  44  3:37  Overlord  
  44  3:44  Drone x2  
  44  3:45  Drone x2  
  44  3:46  Drone  
  49  3:49  Zergling x2  
  49  3:50  Zergling x2  
  51  4:04  Zergling x2, Spire, Overlord  
  51  4:14  Drone x2  
  52  4:19  Spine Crawler  
  52  4:20  Spine Crawler  
  52  4:22  Roach Warren  
  49  4:27  Drone, Spine Crawler  
  49  4:29  Drone  
  49  4:30  Drone  
  51  4:34  Drone x2  
  51  4:36  Drone  
  54  4:39  Overlord  
  53  4:54  Zergling x2  
  53  4:55  Zergling x8  
  53  4:59  Drone x2  
  61  5:00  Drone  
  61  5:01  Hatchery  
  60  5:10  Extractor  
  59  5:17  Mutalisk x4  
  66  5:21  Mutalisk x2  
  66  5:26  Overlord  
  70  5:29  Mutalisk  
  70  5:35  Zerg Flyer Weapons Level 1  
  72  5:36  Drone x4  
  72  5:37  Overlord  
  76  5:44  Overlord  
  76  5:53  Drone x2  
  78  5:57  Drone x2  
  78  5:58  Drone  
  78  6:02  Drone x2  
  78  6:03  Drone, Hatchery  
  84  6:11  Drone x3  
  84  6:14  Drone  
  84  6:17  Extractor  
  86  6:20  Evolution Chamber  
  86  6:21  Drone x2  
  86  6:23  Extractor  
  86  6:24  Evolution Chamber  
  85  6:26  Centrifical Hooks  
  85  6:28  Drone x3  
  85  6:30  Overseer  
  85  6:31  Drone  
  89  6:34  Drone x2  
  89  6:35  Drone  
  89  6:36  Drone  
  89  6:37  Drone  
  95  6:40  Drone  
  95  6:42  Overlord  
  95  6:50  Mutalisk x2  
  99  6:56  Mutalisk x2  
  99  6:58  Zerg Melee Weapons Level 1  
  99  6:59  Zerg Ground Armor Level 1, Overlord  
  103  7:04  Mutalisk  
  103  7:06  Zergling x8  
  109  7:15  Mutalisk x2  
  109  7:17  Zergling x12  
  118  7:28  Zergling x6, Extractor  
  118  7:29  Zergling x2, Infestation Pit  
  120  7:30  Zergling x2  
  120  7:35  Overseer  
  120  7:36  Overlord  
  121  7:41  Mutalisk x2  
  121  7:42  Overlord  
  125  7:45  Overlord  
  125  7:48  Overlord  
  125  7:49  Pneumatized Carapace  
  125  7:54  Overlord  
  124  7:58  Overlord  
  124  8:00  Mutalisk x2  
  124  8:03  Zergling x6  
  131  8:06  Hive  
  131  8:07  Queen  
  131  8:09  Zergling x8  
  131  8:10  Zergling x2, Overlord  
  138  8:13  Zergling x8  
  138  8:16  Zergling x2  
  138  8:17  Baneling  
  138  8:18  Baneling x8, Zergling x2  
  144  8:20  Zergling x4  
  144  8:23  Zergling x4  
  144  8:25  Zergling x2  
  149  8:29  Overlord  
  149  8:31  Overlord x2  
  149  8:33  Zergling x2  
  149  8:34  Zergling x2  
  151  8:36  Zergling x6  
  151  8:37  Zergling x2  
  154  8:41  Zergling x2  
  154  8:42  Zergling x4  
  154  8:47  Baneling x5  
  154  8:48  Baneling x12  
  157  8:49  Zergling x2  
  147  9:22  Baneling x5, Zergling x2  
  147  9:23  Zergling x30  
  158  9:30  Overseer  
  158  9:31  Mutalisk x2  
  158  9:35  Mutalisk  
  158  9:36  Zergling x2  
  158  9:37  Zergling x2  
  155  9:44  Unknown  
  138  9:48  Zergling x4  
  138  9:51  Zergling x4, Mutalisk x2  
  138  9:52  Mutalisk x2  
  131  9:59  Mutalisk  
  114  10:00  Zergling x2  
  114  10:01  Zergling x2  
  112  10:13  Zergling x6  
  97  10:14  Zergling x2  
  97  10:15  Zergling x6  
  97  10:16  Zergling x4  
  97  10:18  Zergling x6  
  99  10:26  Mutalisk x2  
  101  10:33  Overseer  
  101  10:35  Mutalisk x3  
  103  10:42  Drone  
  102  10:49  Zergling x2  
Tags
 
Add a new tag
Caveats
  • Supply blocks, unpowered buildings, or Contaminate may cause inaccurate times.
  • Supply counts are checked every 10 seconds.